cohdb
Replays
Latest Replays
All Replays
Popular Replays
Top Player Replays
Match Explorer
How It Works
Community
CoH3 Stats
Reddit
Sign in to upload your games and track your stats! →
Sign in with Steam
Match 41021799
Unlisted
Match 41021799
Overview
Messages
Build Orders
End
Panzerpioneer Squad
Panzergrenadier Squad
Panzergrenadier Squad
250 Light Carrier
Construct Light Support Kompanie
Panzerjäger Squad
Assault Mechanized Group
Construct Mechanized Kompanie
Selects Armored Support Battlegroup
Selects Superior Fire Drills
Selects Salvage Kits
8 Rad Armored Car
Support Armor Elements
StuG III D Assault Gun
Veteran Squad Leaders
2.5-tonne Medical Truck
Selects Flammpanzer III Medium Tank
Panzerjäger Mechanized Group
Flammpanzer III Medium Tank
Vehicle Survival Package
Marder III Tank Destroyer
Flammpanzer III Medium Tank
Marder III Tank Destroyer
Selects Command Panzer IV F Medium Tank
Selects Panzer Storm
Selects Panzer Storm
Selects Stuka Dive Bomb
Selects Panzer Storm
Selects Stuka Anti-tank Loiter
Stuka Anti-tank Loiter
Marder III Tank Destroyer
AzzTech1221
Dralicien
Earthdog
bigrat
chochomie
YangXYZ
0
0
Comments
sign in to comment!
No comments posted yet!